 Dungeon Crawl Stone Soup version 0.32-a0-329-ge6c31236d6 (webtiles) character file.

Game seed: 7213270257643936748

121 SmokeWeed the Sneak (level 4, -1/23 HPs)
             Began as a Spriggan Brigand on Feb 17, 2024.
             Killed by nerve-wracking pain
             ... invoked by Grinder
              (14 damage)
             ... on level 3 of the Dungeon.
             The game lasted 00:07:13 (1864 turns).

SmokeWeed the Sneak (Spriggan Brigand)              Turns: 1864, Time: 00:07:14

Health: -1/23      AC:  3    Str:  7    XL:     4   Next: 76%
Magic:  5/5        EV: 18    Int: 14    God:
Gold:   158        SH:  0    Dex: 16    Spells: 3/3 levels left

rFire   . . .        a - +2 dagger
rCold   . . .        (no shield)
rNeg    . . .        b - +0 robe
rPois   .            (helmet restricted)
rElec   .            c - +0 cloak
rCorr   .            (gloves unavailable)
SInv    +            (boots unavailable)
Will    .....        (no amulet)
Stlth   ++++         (no ring)
HPRegen 0.23/turn    (no ring)
MPRegen 0.09/turn

%: no passive effects
@: very quick
A: very small, no large weapons, unfitting armour, see invisible, speed 3
a: no special abilities


You were on level 3 of the Dungeon.
You visited 1 branch of the dungeon, and saw 3 of its levels.

You collected 158 gold pieces.

Inventory:

Hand Weapons
 a - a +2 dagger (weapon)
 n - a +3 dagger
Missiles
 d - a poisoned dart
 e - 2 curare-tipped darts (quivered)
 k - 2 boomerangs
Armour
 b - a +0 robe (worn)
 c - a +0 cloak (worn)
Scrolls
 j - a scroll of noise {unknown}
 l - a scroll of fear {unknown}
Potions
 f - a potion of heal wounds
 g - 2 potions of curing
 h - a potion of berserk rage
 i - a potion of lignification {unknown}


   Skills:
 - Level 1.8 Fighting
 - Level 2.9 Short Blades
 - Level 2.5 Throwing
 - Level 3.5 Dodging
 + Level 7.2 Stealth


You had 3 spell levels left.
You didn't know any spells.
Your spell library contained the following spells:

 Spells                   Type           Power      Damage    Failure   Level
 Inner Flame              Hex/Fire       0%         N/A       65%         3
 Flame Wave               Conj/Fire      0%         2d4       96%         4
 Sticky Flame             Fire/Alch      0%         2d4       96%         4
 Iskenderun's Battlesphe  Conj           0%         2d6       100%        5
 Bombard                  Conj/Erth      0%         9d1       100%        6
 Spellforged Servitor     Conj/Summ      0%         N/A       100%        7


Dungeon Overview and Level Annotations

Branches:
Dungeon (3/15)

Altars:

Annotations:
D:3 Grinder


Innate Abilities, Weirdness & Mutations

You are very small and have problems with some larger weapons.
You are too small for most types of armour.
You have supernaturally acute eyesight. (SInv)
You cover ground extremely quickly. (Speed+++)


Message History

Throw: 5 darts (poison)
Press: ? - help, Q - select action, (/) - cycle Shift-Dir - straight line, f/p - Grinder
Aim: Grinder (lightly wounded, very poisoned, 53% to hit)
You throw a poisoned dart. The poisoned dart hits Grinder.
Grinder is lightly wounded.
The hobgoblin shouts!
Throw: 4 darts (poison)
Press: ? - help, Q - select action, (/) - cycle Shift-Dir - straight line, f/p - Grinder
Aim: Grinder (lightly wounded, very poisoned, 53% to hit)
You throw a poisoned dart. The poisoned dart hits Grinder.
Grinder is lightly wounded.
Throw: 3 darts (poison)
Press: ? - help, Q - select action, (/) - cycle Shift-Dir - straight line, f/p - Grinder
Aim: Grinder (lightly wounded, very poisoned, 53% to hit)
You throw a poisoned dart.
The poisoned dart closely misses Grinder.
Throw: 2 darts (poison)
Press: ? - help, Q - select action, (/) - cycle Shift-Dir - straight line, f/p - Grinder
Aim: Grinder (lightly wounded, poisoned, 53% to hit)
You throw a poisoned dart. The poisoned dart hits Grinder.
Grinder looks even sicker.
Grinder is lightly wounded.
Grinder gestures at you. Pain shoots through your body!
Ouch! That really hurt!
Grinder gestures at you.
You suddenly lose the ability to move!
Grinder gestures at you.
You struggle to resist.
You can move again.
Throw: 3 darts (curare)
Press: ? - help, Q - select action, (/) - cycle Shift-Dir - straight line, f/p - Grinder
Aim: Grinder (moderately wounded, poisoned, 53% to hit)
You throw a curare-tipped dart. The curare-tipped dart hits Grinder.
Grinder is moderately wounded.
Grinder gestures at you. Pain shoots through your body!
Ouch! That really hurt!
You die...
Grinder says, "Now the real fun starts!"

###########
..#######...g5.@..#
(.....(...#######.#
...((..#### #.#
(((.... #.# .#####.
##.##############
#.
#...............#
#.
##..#####.#####.#
#. ###.......)# #.#
#. #....####..# #.#


You could see Grinder (poisoned) and a hobgoblin.

Vanquished Creatures
  Jessica (D:2)
  2 adders
  2 dart slugs (D:2)
  2 ribbon worms (D:2)
  4 ball pythons
  4 bats
  2 endoplasms
  A giant cockroach (D:1)
  4 goblins (D:2)
  6 hobgoblins (D:2)
  4 jackals (D:2)
  2 kobolds
  A quokka (D:2)
  A rat (D:2)
  A spectral hobgoblin (D:1)
37 creatures vanquished.

Notes
Turn   | Place    | Note
-------+----------+-------------------------------------------
     0 | D:1      | SmokeWeed the Spriggan Brigand began the quest for the Orb.
     0 | D:1      | Reached XP level 1. HP: 10/10 MP: 2/2
   193 | D:1      | Reached skill level 6 in Stealth
   303 | D:1      | Reached XP level 2. HP: 15/15 MP: 3/3
   365 | D:1      | Found a faded altar of an unknown god.
   858 | D:2      | Reached XP level 3. HP: 16/18 MP: 4/4
   883 | D:2      | Noticed Jessica
   905 | D:2      | Killed Jessica
   906 | D:2      | Reached skill level 7 in Stealth
  1025 | D:2      | Reached XP level 4. HP: 23/23 MP: 5/5
  1287 | D:2      | HP: 1/23 [adder (2)]
  1843 | D:3      | Noticed Grinder
  1856 | D:3      | Paralysed by Grinder for 5 turns
  1864 | D:3      | Killed from afar by Grinder

Illustrated notes

Levels and vault maps discovered:
D:1:      saegor_arrival_under_anarchy, layout_basic,
          dreamdust_ecumenical_altar_drowned_temple
D:2:      layout_rooms, uniq_jessica
D:3:      layout_loops_ring, amethyst_killhole, uniq_grinder

Skill      XL: |  1  2  3  4 |
---------------+-------------+-----
Stealth        | 6 7 |  7.2
Dodging        | 3 |  3.5
Fighting       | |  1.8
Short Blades   | |  2.9
Throwing       | |  2.5

Action                     |  1- 3 |  4- 6 || total
---------------------------+-------+-------++-------
  Melee: Dagger            |    56 |    65 ||   121
  Throw: Dart              |    13 |    26 ||    39
    Use: Scroll            |     5 |     1 ||     6
   Stab: Sleeping          |     5 |     1 ||     6
 Armour: Robe              |    17 |    23 ||    40
  Dodge: Dodged            |    45 |    46 ||    91

Table legend: (Time is in decaauts)
 A = Elapsed time spent in this place.
 B = Non-inter-level travel time spent in this place.
 C = Inter-level travel time spent in this place.
 D = Time resting spent in this place.
 E = Time spent auto-exploring this place.
 F = Levels seen in this place.
 G = Mean time per level.
                   A        B        C        D        E       F      G
               +--------+--------+--------+--------+--------+-----+--------+
         Total |   1301 |   1281 |     20 |    179 |    721 |   3 |  433.7 |
       Dungeon |   1301 |   1281 |     20 |    179 |    721 |   3 |  433.7 |
               +--------+--------+--------+--------+--------+-----+--------+

Top non-repeatable levels by time:
     D:2: 624 daAuts
     D:1: 534 daAuts
     D:3: 143 daAuts
